[Event "Late-Titled-Tuesday-Blitz-November-28-2023"]
[Site "Chess.com"]
[Date "2023.11.28"]
[Round "10"]
[White "CSB7"]
[Black "Zampronha1971"]
[Result "1-0"]
[WhiteElo "2692"]
[BlackElo "2410"]
[TimeControl "180+1"]
[EndTime "15:53:13 PST"]
[Termination "CSB7 won by checkmate"]

1. c4 Nf6 2. Nc3 e6 3. e4 c5 4. e5 Ng8 5. Nf3 Nc6 6. d4 cxd4 7. Nxd4 Nxe5 8. Ndb5 f6 9. Be3 a6 10. Nd6+ Bxd6 11.
Qxd6 Nf7 12. Qb4 Qe7 13. Qxe7+ Nxe7 14. O-O-O Nf5 15. Bb6 O-O 16. g3 d6 17. Bg2 Bd7 18. Rhe1 Rfe8 19. f4 Bc6 20. Bh3 Rac8 21. b3 g6 22. Kb2 Kg7 23. a4 h5 24. a5 d5 25.
cxd5 exd5 26. Rxe8 Rxe8 27. Nxd5 Re2+ 28. Ka3 Rxh2 29. Bxf5 gxf5 30. Nc7 Rg2 31. Rd3 Be4 32. Rc3 Nd6 33. Bc5 Nb5+ 34. Nxb5 axb5 35. Kb4 Bc6 36.
Be3 Rxg3 37. Bf2 Rxc3 38. Kxc3 Kf7 39. b4 Ke6 40. Kd4 Kf7 41. Bh4 Kg6 42. Kc5 Kf7 43. a6 bxa6 44. Kxc6 Ke6 45. Kb6 Kd5 46. Kxa6 Ke4 47.
Kxb5 Kxf4 48. Kc4 Kg4 49. b5 Kxh4 50. b6 f4 51. b7 f3 52. b8=Q f2 53. Qh2+ Kg4 54.
Qg2+ Kh4 55. Qxf2+ Kh3 56. Qg1 h4 57. Kd3 f5 58. Ke2 f4 59. Qh1+ Kg3 60. Qf3+ Kh2 61. Kf2 h3 62. Qxf4+ Kh1 63. Qe4+ Kh2 64. Qe5+ Kh1 65.
Qd5+ Kh2 66. Qd6+ Kh1 67. Qc6+ Kh2 68. Qc7+ Kh1 69. Qb7+ Kh2 70. Qb8+ Kh1 71. Qb1+ Kh2 72. Qg1# 1-0

[Event "Late-Titled-Tuesday-Blitz-November-28-2023"]
[Site "Chess.com"]
[Date "2023.11.28"]
[Round "10"]
[White "gabduschew"]
[Black "FM_Kappeler"]
[Result "1/2-1/2"]
[WhiteElo "2430"]
[BlackElo "2340"]
[TimeControl "180+1"]
[EndTime "15:53:17 PST"]
[Termination "Game drawn - timeout vs insufficient material"]

1. b3 d5 2. Bb2 c6 3. e3 Nf6 4. f4 Bg4 5. Qc1 Nbd7 6. h3 Bf5 7. d3 h5 8. Nf3 e6 9. Be2 Bc5 10. c4 Qc7 11. a3 a5 12. cxd5 exd5 13. O-O O-O 14. Bxf6 gxf6 15. Nh4 Bg6 16. d4 Be7 17.
Nc3 f5 18. Nxd5 Qd6 19. Nxe7+ Qxe7 20. Nf3 Nf6 21. Ne5 Nd5 22. Bf3 Rad8 23. Re1 Kg7 24. Bxd5 Rxd5 25. Qc3 f6 26. Nf3 Re8 27. b4 a4 28.
Rac1 Bf7 29. Kf2 Kh6 30. Qc2 Rg8 31. Qxa4 Be6 32. Qc2 Qg7 33. Rg1 Ra8 34. Ra1 Rd7 35. a4 Qg6 36. g4 hxg4 37. hxg4 fxg4 38. Qxg6+ Kxg6 39. Nh4+ Kf7 40. f5 Bd5 41. Rxg4 Rh8 42. Rag1 Ke7 43. Ng6+ Kd6 44. Nxh8 Rh7 45. Ng6 Rh2+ 46.
R1g2 Bxg2 47. Rxg2 Rh1 48. Kf3 Rf1+ 49. Ke4 Ra1 50.
Nf4 Rxa4 51. Rg6 Ke7 52. Rg7+ Kf8 53. Rxb7 Ra3 54. Nh5 c5 55. bxc5 Rc3 56. Nxf6 Rxe3+ 57. Kd5 Re5+ 58. Kd6 Rd5+ 59. Nxd5 Ke8 60. Ke6 Kd8 61. c6 Kc8 1/2-1/2

[Event "Late-Titled-Tuesday-Blitz-November-28-2023"]
[Site "Chess.com"]
[Date "2023.11.28"]
[Round "10"]
[White "ChristopherYoo"]
[Black "German_Bazeev"]
[Result "0-1"]
[WhiteElo "3002"]
[BlackElo "2840"]
[TimeControl "180+1"]
[EndTime "15:53:19 PST"]
[Termination "German_Bazeev won by resignation"]

1. d4 Nf6 2. Nf3 e6 3. c4 b6 4. g3 Bb7 5. Bg2 Bb4+ 6. Bd2 c5 7. Bxb4 cxb4 8. O-O a5 9. a3 Na6 10. Re1 O-O 11. Nbd2 d6 12. e4 Qc7 13. Qe2 e5 14. Qe3 Rfe8 15. Rac1 Rad8 16. Red1 Qb8 17. dxe5 dxe5 18.
Qxb6 bxa3 19. bxa3 Nd7 20. Qxa5 Ndc5 21. Rb1 Qa8 22.
Ne1 Rd6 23. Nc2 Qd8 24. Qxd8 Rexd8 25. Nb4 Nxb4 26. axb4 Ne6 27. Ra1 Rxd2 28. Rxd2 Rxd2 29. h4 g5 30. Ra7 Rd1+ 31. Kh2 Rd7 32. Bh3 gxh4 33.
gxh4 Bc6 34. Ra6 Bxe4 35. b5 Rd2 36. Bxe6 fxe6 37. Rxe6 Rxf2+ 38. Kg1 Rc2 39. Rxe5 Rxc4 40. Kf2 Rb4 41. Kg3 Kf7 42. Rc5 Kf6 43. h5 Bf5 44.
Kf3 h6 45. Ke3 Bd7 46. Rc7 Bxb5 47. Rb7 Rb3+ 48. Kd4 Ba4 49. Ra7 Be8 50. Ra8 Bxh5 51. Rh8 Kg5 52. Ke4 Bg6+ 53. Ke5 Re3+ 54. Kd4 Re1 55. Ra8 h5 56. Ra5+ Bf5 57. Ra8 h4 58. Rg8+ Bg6 59. Rh8 Re7 60. Kd5 Kg4 61. Rg8 Kg5 62. Rh8 Re1 63. Kd4 Re4+ 64. Kd5 Rg4 65. Ke5 Rg3 66. Kd4 h3 67. Ke5 Ra3 68. Kd4 Bf5 69. Ke5 Bg4 70. Rg8+ Kh4 71. Kf4 Ra4+ 72. Ke3 Kg3 73. Rh8 h2 74. Rh7 Ra3+ 75. Kd2 Ra1 76. Ke3 h1=Q 0-1

[Event "Late-Titled-Tuesday-Blitz-November-28-2023"]
[Site "Chess.com"]
[Date "2023.11.28"]
[Round "10"]
[White "Jaka_Brilej"]
[Black "RodokininEV"]
[Result "0-1"]
[WhiteElo "2465"]
[BlackElo "2585"]
[TimeControl "180+1"]
[EndTime "15:53:32 PST"]
[Termination "RodokininEV won by checkmate"]

1. d4 Nf6 2. Nc3 g6 3. e4 d6 4. Nf3 Bg7 5. Be2 O-O 6. O-O c6 7. a4 a5 8. Re1 Nbd7 9. h3 e5 10.
Be3 Re8 11. dxe5 dxe5 12. Bc4 Qe7 13. Qd2 Nh5 14. Rad1 Nf4 15. Qd6 Qxd6 16. Rxd6 h6 17. Red1 Nf8 18. b3 Be6 19. Bxe6 N4xe6 20. Bb6 Rec8 21. Be3 Re8 22. Kf1 f5 23. exf5 gxf5 24. Nh4 f4 25. Bc1 Nd4 26. Rd2 Rad8 27. Rxd8 Rxd8 28. Ne4 Nfe6 29. Bb2 Kf7 30. Ke1 b6 31. Bxd4 Rxd4 32. Nf5 Rxe4+ 33. Kd1 Rd4 34. Nxd4 exd4 35. Re2 Kf6 36. f3 Kf5 37. Re4 Be5 38. Kd2 Nc7 39. Re1 Nd5 40. Rb1 c5 41. Re1 Ne3 42. Re2 Kg5 43. Kd3 Kf5 44. Rd2 h5 45. Re2 h4 46.
Rd2 Ke6 47. Ke4 Kd6 48. Re2 Ke6 49. Rd2 Nd5 50. Rf2 Nf6+ 51. Kd3 Kd5 52. Rf1 Ne8 53. Re1 Nd6 54. Re2 Nf5 55. Re1 Ne3 56. Re2 c4+ 57. bxc4+ Nxc4 58. Re1 Ne3 59. Rb1 Kc6 60. Rb5 Bd6 61.
Rg5 Bc5 62. Rg6+ Kd5 63. Rg5+ Ke6 64. Rg6+ Kf5 65. Rg8 Nd5 66. Rh8 Nc3 67. Rxh4 Nxa4 68. Rh5+ Kf6 69. Rh8 Nb2+ 70. Kd2 a4 71. h4 a3 72. Ra8 b5 73. Ra6+ Ke5 74. h5 Na4 75. Kc1 Bb4 76. Kb1 Bc3 77. h6 Kd5 78. h7 d3 79.
cxd3 Kc5 80. Ra8 Kb4 81. h8=Q Bxh8 82. Rxh8 Kb3 83. Ka1 b4 84. d4 Nb6 85. Rb8 Nd5 86. Rb5 Ne3 87. d5 Nc2+ 88. Kb1 a2+ 89. Kc1 a1=Q+ 90. Kd2 Qc3+ 91. Kd1 Qd3+ 92. Kc1 Qxb5 93.
d6 Qf1+ 94. Kd2 Qxg2+ 95. Kd3 Qxf3+ 96. Kd2 Qe3+ 97. Kd1 Qe1# 0-1

[Event "Late-Titled-Tuesday-Blitz-November-28-2023"]
[Site "Chess.com"]
[Date "2023.11.28"]
[Round "10"]
[White "cthulhuuu"]
[Black "Koksal06"]
[Result "1-0"]
[WhiteElo "2512"]
[BlackElo "2615"]
[TimeControl "180+1"]
[EndTime "15:53:34 PST"]
[Termination "cthulhuuu won by checkmate"]

1. e4 e5 2. Nf3 Nc6 3. Bb5 Nge7 4.
c3 d6 5. d4 Bd7 6. O-O Ng6 7.
Nbd2 Be7 8. Nc4 O-O 9. Re1 Bf6 10. d5 Nce7 11. Bxd7 Qxd7 12. g3 Nc8 13. Kg2 Bd8 14.
Ne3 Nce7 15. h4 h6 16. h5 Nh8 17. Nh4 Nc8 18. Nef5 Bxh4 19. gxh4 Ne7 20. Qg4 Nxf5 21. exf5 Kh7 22. Kh2 Rg8 23. Rg1 Rad8 24. Qe4 f6 25. Be3 c6 26. c4 cxd5 27. cxd5 a6 28. Rg4 Rc8 29. Rag1 Qb5 30. Qg2 Qd7 31. Rg6 Qf7 32. Qg4 Rcf8 33. b4 Rc8 34. a4 b5 35. axb5 axb5 36. Qe2 Rc4 37. Kh3 Qd7 38. Qf3 e4 39.
Qg4 Rcc8 40. Qf4 Nxg6 41. Rxg6 Rgf8 42. Qg4 Qf7 43. Qf4 Rc7 44. Qxd6 Re8 45. Qg3 Rce7 46.
d6 Rd7 47. Bf4 Red8 48. Qg4 Re8 49. Qg3 Red8 50. Qe3 Rc8 51. Bxh6 Rg8 52. Bf4 Qd5 53. h6 Qxf5+ 54. Rg4 g6 55. Bg3 g5 56. Qxe4 Qxe4 57.
Rxe4 Kxh6 58. Re7 Kg6 59. Rxd7 Kf5 60. Rc7 g4+ 61. Kg2 Ke6 62. Rc5 Rd8 63. Rxb5 Rd7 64. Rh5 f5 65. Rh6+ Kd5 66. Rf6 Ke4 67. Re6+ Kd4 68. h5 Rf7 69. Re7 Rf8 70. d7 f4 71.
Re8 f3+ 72. Kh2 Rf5 73. d8=Q+ Kc3 74. Re3+ Kb2 75. Qd2+ Kb1 76. Re1# 1-0

[Event "Late-Titled-Tuesday-Blitz-November-28-2023"]
[Site "Chess.com"]
[Date "2023.11.28"]
[Round "10"]
[White "nindjaxx8"]
[Black "Hirna2005"]
[Result "1-0"]
[WhiteElo "2459"]
[BlackElo "2347"]
[TimeControl "180+1"]
[EndTime "15:54:26 PST"]
[Termination "nindjaxx8 won on time"]

1. d4 g6 2. c4 Bg7 3. Nc3 d6 4. Nf3 Nc6 5. Bf4 Bg4 6. e3 e5 7. dxe5 dxe5 8. Bg3 Qxd1+ 9. Rxd1 Nge7 10. Be2 Be6 11.
Nd5 O-O-O 12. Nxe7+ Nxe7 13. Bxe5 Rxd1+ 14. Kxd1 Rd8+ 15. Kc1 f6 16. Bc3 Nf5 17. Rd1 Re8 18.
Nd4 Bd7 19. Bf3 Nh4 20. Rd2 a6 21. Nb3 Nxf3 22. gxf3 Be6 23. Nc5 Bh3 24. Ne4 Re6 25.
b3 Bg2 26. Nc5 Re7 27. f4 Bh3 28. Nd3 b6 29. Nb4 Kb7 30. Nd5 Rf7 31. Bb2 Bg2 32. Nc3 Bc6 33. Re2 g5 34. f5 Bf8 35. e4 Bd6 36. f3 Bf4+ 37. Kc2 h5 38. Nd5 Bxd5 39. exd5 g4 40. fxg4 hxg4 41. Re4 Bxh2 42. Rxg4 Bd6 43. Rg6 Be7 44. a4 b5 45. axb5 axb5 46. Bd4 c6 47. Kd3 Kc7 48. dxc6 Kxc6 49. Rh6 bxc4+ 50. Kxc4 Bd8 51.
b4 Kd6 52. b5 Ba5 53. Rh8 Rc7+ 54. Kd3 Ke7 55. Rh7+ Kd6 56. Rxc7 Bxc7 57. Kc4 Bd8 58. b6 Kc6 59. Bf2 Be7 60. Bg1 Bd6 61. Bd4 Be7 62. Be3 Bd6 63. Bf2 Be7 64. Bd4 Bd8 65. Kb4 Bxb6 66.
Bxf6 Be3 67. Kc4 Kd6 68. Bc3 Bg5 69. Kd3 Be7 70. Ke4 Bg5 71. Bb4+ Kd7 72. Bc3 Be7 73. Bd4 Bg5 74. Kd5 Be7 75. Be5 Bg5 76. Ke4 Be7 77. Kf3 Bg5 78. Kg4 Be7 79. Kh5 Bd8 80. Kg6 Ke8 81.
Bf6 Bc7 82. Kg7 Bf4 83. Kg6 Bc7 84. Bg5 Be5 85. Bh4 Bd4 86. Bf6 Be3 87. Bb2 Bc5 88. f6 Bf8 89. f7+ Kd7 90. Kh7 Ke6 91. Kg8 Be7 92. Bg7 Bd6 93. Bf8 Bf4 94. Ba3 Bh6 95. Bb2 Ke7 96. Bg7 Bg5 97. f8=Q+ Ke6 98. Qf7+ Kd6 99.
Kh7 Be7 100. Kg6 Kd7 101. Kf5 Kd8 102. Bf6 1-0

[Event "Late-Titled-Tuesday-Blitz-November-28-2023"]
[Site "Chess.com"]
[Date "2023.11.28"]
[Round "10"]
[White "vi_pranav"]
[Black "dropstoneDP"]
[Result "1/2-1/2"]
[WhiteElo "3048"]
[BlackElo "2957"]
[TimeControl "180+1"]
[EndTime "15:54:30 PST"]
[Termination "Game drawn by stalemate"]

1. e4 e5 2. Nf3 Nf6 3. Nc3 Nc6 4. g3 Bc5 5. Bg2 d6 6. d3 a5 7. h3 O-O 8. O-O h6 9. Kh2 a4 10. Ne2 a3 11. b3 d5 12. exd5 Nxd5 13. c3 Bb6 14. b4 Re8 15. Nd2 Bf5 16. Nc4 Nf6 17.
b5 Na5 18. Nxb6 cxb6 19. d4 Nc4 20. dxe5 Nxe5 21. Nd4 Be4 22. f3 Bd3 23. Re1 Bc4 24. f4 Nd3 25. Rxe8+ Qxe8 26. Bxb7 Rd8 27. Bxa3 Qe3 28.
Qe2 Qxe2+ 29. Nxe2 Bxb5 30. Nd4 Bc4 31. Bc6 Nd5 32.
Bxd5 Rxd5 33. Bc1 Nxc1 34. Rxc1 Ra5 35. Rc2 Bxa2 36. Rb2 Bd5 37. g4 Rc5 38. Ne2 Bf3 39.
Nd4 Be4 40. Re2 Bd3 41. Re3 Ba6 42. Kg3 g6 43. f5 Kg7 44. fxg6 Kxg6 45. Nf3 Bc8 46.
h4 Kg7 47. Nd4 Rc4 48. g5 hxg5 49. hxg5 Kg6 50. Kf4 b5 51. Rd3 Bf5 52. Re3 b4 53. Ke5 bxc3 54. Re1 c2 55. Rc1 Kxg5 56. Nxf5 Rc5+ 57.
Ke4 Rxf5 58. Rxc2 Rf4+ 59. Ke3 Kg4 60. Rg2+ Kf5 61. Rg8 f6 62. Ra8 Kg4 63. Rg8+ Kf5 64. Ra8 Rf1 65. Ke2 Rb1 66. Kf3 Rb3+ 67. Kf2 Rb4 68.
Ra5+ Kf4 69. Ra2 f5 70. Ra3 Rb2+ 71. Kf1 Kg4 72. Rc3 Rd2 73. Ra3 Kf4 74. Rb3 Ke4 75. Ra3 Rd3 76. Ra5 f4 77. Kf2 Rd2+ 78. Kf1 Ke3 79.
Ra3+ Ke4 80. Ra4+ Kf3 81. Ra3+ Kg4 82. Rb3 Kf5 83. Ra3 Ke5 84. Rb3 Ke4 85. Ra3 Rd3 86.
Rxd3 Kxd3 87. Kf2 Ke4 88. Ke2 f3+ 89. Kf2 Kf4 90. Kf1 Ke3 91. Ke1 f2+ 92. Kf1 Kf3 1/2-1/2

[Event "Late-Titled-Tuesday-Blitz-November-28-2023"]
[Site "Chess.com"]
[Date "2023.11.28"]
[Round "11"]
[White "PNEPaul"]
[Black "SilverCityIndigo"]
[Result "0-1"]
[WhiteElo "1870"]
[BlackElo "2436"]
[TimeControl "180+1"]
[EndTime "15:57:36 PST"]
[Termination "SilverCityIndigo won by resignation"]

1. e4 e5 2. Nf3 Nc6 3. Bc4 Nf6 4. d4 exd4 5. O-O Nxe4 6. Re1 d5 7. Bxd5 Qxd5 8. Nc3 Qh5 9. Nxe4 Be6 10. Neg5 O-O-O 11. Nxe6 fxe6 12. Bg5 Rd5 13. Bf4 Qf5 14. Bg3 Bb4 15. Rf1 h5 16. a3 Be7 17. Qe2 h4 0-1

[Event "Late-Titled-Tuesday-Blitz-November-28-2023"]
[Site "Chess.com"]
[Date "2023.11.28"]
[Round "11"]
[White "kingofthenil"]
[Black "Byniolus"]
[Result "1-0"]
[WhiteElo "2711"]
[BlackElo "2770"]
[TimeControl "180+1"]
[EndTime "15:57:51 PST"]
[Termination "kingofthenil won by resignation"]

1. e4 a6 2. d4 b5 3. Bd3 Bb7 4. Nf3 e6 5. O-O Nf6 6. Re1 Be7 7. a4 b4 8. c4 bxc3 9. Nxc3 d5 10. e5 Nfd7 11. Ne2 c5 12. dxc5 Nc6 13. Nf4 Nxc5 14. Bc2 Nb4 15. Be3 Rc8 16. Bb1 g6 17.
Nd4 a5 18. Nb5 Ba6 19. Nd6+ Bxd6 20. exd6 Qxd6 21. Bd4 O-O 22. Nh5 gxh5 23. Bxh7+ 1-0

[Event "Late-Titled-Tuesday-Blitz-November-28-2023"]
[Site "Chess.com"]
[Date "2023.11.28"]
[Round "11"]
[White "dropstoneDP"]
[Black "GHANDEEVAM2003"]
[Result "1-0"]
[WhiteElo "2968"]
[BlackElo "3100"]
[TimeControl "180+1"]
[EndTime "15:58:28 PST"]
[Termination "dropstoneDP won by checkmate"]

1. e4 c6 2. Nf3 d5 3. Nc3 Bg4 4. h3 Bxf3 5. Qxf3 e6 6. d4 dxe4 7. Qe3 f5 8. Bc4 Qd7 9. f3 b5 10. Bb3 c5 11. dxc5 Na6 12. fxe4 Bxc5 13. Qe2 Ne7 14.
Qxb5 Qxb5 15. Nxb5 fxe4 16. Bxe6 Rb8 17. a4 Rb6 18.
Bb3 Rg6 19. Bf4 Rxg2 20. O-O-O Rf8 21. Bd6 Rff2 22. Bxc5 Nxc5 23. Nc7+ Kf8 24. Rd8# 1-0

[Event "Late-Titled-Tuesday-Blitz-November-28-2023"]
[Site "Chess.com"]
[Date "2023.11.28"]
[Round "11"]
[White "YellowJacek"]
[Black "Ducke13"]
[Result "0-1"]
[WhiteElo "2353"]
[BlackElo "2454"]
[TimeControl "180+1"]
[EndTime "15:58:39 PST"]
[Termination "Ducke13 won by resignation"]

1. e4 c6 2. d4 d5 3. Nc3 dxe4 4. Nxe4 Nf6 5. Nxf6+ exf6 6. c3 Bd6 7. Bd3 O-O 8.
Ne2 Re8 9. O-O Bg4 10. h3 Bh5 11. Qc2 Bg6 12. Bxg6 hxg6 13. Be3 Nd7 14. Rfe1 Bc7 15. Qb3 b5 16. Nf4 Nf8 17. Bd2 Qd6 18. g3 g5 19.
Nd3 Ne6 20. Re2 Re7 21. Rae1 Rae8 22. a4 Nxd4 23. Rxe7 Nxb3 24. Rxe8+ Kh7 25. Nc1 Nxd2 0-1

[Event "Late-Titled-Tuesday-Blitz-November-28-2023"]
[Site "Chess.com"]
[Date "2023.11.28"]
[Round "11"]
[White "Hypercar"]
[Black "PoXerStar"]
[Result "0-1"]
[WhiteElo "2514"]
[BlackElo "2420"]
[TimeControl "180+1"]
[EndTime "15:58:56 PST"]
[Termination "PoXerStar won by resignation"]

1. d4 Nf6 2. Nf3 d5 3. g3 e6 4. Bg2 c5 5. O-O cxd4 6. Nxd4 Nc6 7. c4 e5 8. Nxc6 bxc6 9. cxd5 cxd5 10. b3 Be6 11. Bb2 Bd6 12. Nd2 O-O 13. e4 d4 14.
f4 Ng4 15. Qe2 Ne3 16. Rfe1 Bg4 17. Bf3 Bxf3 18. Qxf3 Nc2 19. Nc4 Nxa1 20. fxe5 Nc2 21. Rc1 Bc5 22. Rxc2 d3+ 23. Rf2 d2 24. Qd1 Bxf2+ 25.
Kg2 Be1 0-1

[Event "Late-Titled-Tuesday-Blitz-November-28-2023"]
[Site "Chess.com"]
[Date "2023.11.28"]
[Round "11"]
[White "gahryman"]
[Black "HalfIsCrayfish"]
[Result "1-0"]
[WhiteElo "2705"]
[BlackElo "2597"]
[TimeControl "180+1"]
[EndTime "15:59:13 PST"]
[Termination "gahryman won by resignation"]

1. e4 c6 2. Nf3 d5 3. exd5 cxd5 4. Ne5 Nc6 5. d4 Nxe5 6. dxe5 e6 7. Bd3 Ne7 8. Nd2 Ng6 9. Nf3 Qc7 10. Qe2 Bb4+ 11. Kf1 Bd7 12. h4 O-O-O 13. h5 Ne7 14. h6 g6 15. Bg5 Nf5 16. g4 Ne7 17. a3 Bc5 18. b4 Bd6 19. exd6 Qxd6 20. Qe5 1-0

[Event "Late-Titled-Tuesday-Blitz-November-28-2023"]
[Site "Chess.com"]
[Date "2023.11.28"]
[Round "11"]
[White "BogdanDeac"]
[Black "German_Bazeev"]
[Result "0-1"]
[WhiteElo "2993"]
[BlackElo "2852"]
[TimeControl "180+1"]
[EndTime "15:59:41 PST"]
[Termination "German_Bazeev won by resignation"]

1. d4 Nf6 2. Nf3 e6 3. c4 b6 4. a3 Ba6 5. Qc2 c5 6. d5 exd5 7. cxd5 g6 8. Nc3 Bg7 9. g3 O-O 10. Bg2 b5 11. O-O Re8 12. Re1 d6 13.
Bf4 Nh5 14. Bd2 Nd7 15. b4 Rc8 16. Qb3 Nb6 17. Ra2 Nc4 18. Bc1 Qb6 19. Nd2 cxb4 20. axb4 Ne3 21. Nd1 Nxg2 22. Kxg2 Rxc1 23. Qa3 Bb7 24. Qxc1 Bxd5+ 0-1

[Event "Late-Titled-Tuesday-Blitz-November-28-2023"]
[Site "Chess.com"]
[Date "2023.11.28"]
[Round "11"]
[White "ChessSwole"]
[Black "ChristopherYoo"]
[Result "0-1"]
[WhiteElo "2700"]
[BlackElo "3004"]
[TimeControl "180+1"]
[EndTime "15:59:45 PST"]
[Termination "ChristopherYoo won by resignation"]

1. d4 d5 2. Nc3 Nf6 3. Nb1 c5 4. c3 Nc6 5. Nf3 Bg4 6. e3 e6 7.
Be2 Qc7 8. Nbd2 Be7 9. h3 Bh5 10. O-O O-O 11. dxc5 Bxc5 12. b4 Bd6 13. Bb2 a5 14. b5 Ne5 15. c4 Nxc4 16. Nxc4 dxc4 17.
Rc1 Bxf3 18. Bxf3 Rfd8 19. Qe2 Rac8 20. Bd4 Nd5 21. Qb2 Qe7 22. Bxg7 Ba3 23. Qa1 Bxc1 24. Rxc1 c3 25. Bxc3 Nxc3 26. Rxc3 Qf6 0-1

[Event "Late-Titled-Tuesday-Blitz-November-28-2023"]
[Site "Chess.com"]
[Date "2023.11.28"]
[Round "11"]
[White "GlavkonVVS"]
[Black "elchacal664"]
[Result "1-0"]
[WhiteElo "2512"]
[BlackElo "2379"]
[TimeControl "180+1"]
[EndTime "15:59:46 PST"]
[Termination "GlavkonVVS won by resignation"]

1. c4 e5 2. Nc3 d6 3. g3 g6 4. Bg2 Bg7 5. d3 Ne7 6. Rb1 O-O 7. Nf3 f5 8. O-O h6 9. Bd2 g5 10. b4 f4 11. Re1 Nf5 12. e4 Ne7 13. b5 Ng6 14. Bc1 g4 15. Nd2 f3 16. Bf1 h5 17. c5 h4 18. cxd6 cxd6 19. Nc4 Rf7 20. Be3 Bf8 21. Nd5 Be6 22. d4 Bxd5 23.
exd5 Nd7 24. Qd3 Qf6 25. Qe4 Qf5 26. Qxf5 Rxf5 27. Bd3 Rf6 28. Bg5 hxg3 29. hxg3 Ne7 30. Bxf6 Nxf6 31. dxe5 Nfxd5 32. exd6 1-0

[Event "Late-Titled-Tuesday-Blitz-November-28-2023"]
[Site "Chess.com"]
[Date "2023.11.28"]
[Round "11"]
[White "C_K_G"]
[Black "egnfanclub"]
[Result "0-1"]
[WhiteElo "2180"]
[BlackElo "2330"]
[TimeControl "180+1"]
[EndTime "15:59:51 PST"]
[Termination "egnfanclub won by resignation"]

1. e4 e5 2. Nf3 Nc6 3. Bc4 Nf6 4. Ng5 d5 5. exd5 Nd4 6. c3 b5 7. Bf1 Nxd5 8. cxd4 Qxg5 9. Bxb5+ Kd8 10. Qf3 Bb7 11.
O-O Rb8 12. d3 Qg6 13. dxe5 Nf4 14. Bc6 Bxc6 15. Qxc6 Ne2+ 16. Kh1 Qxc6 17. Nc3 Nxc3 18. bxc3 Qxc3 19. Bf4 Rb2 20. Rac1 Rc2 21. Rcd1 Be7 22.
d4 g5 23. Bg3 h5 24. h3 h4 25. Bh2 Rd2 26. Rb1 Kd7 27. e6+ fxe6 28. Rfc1 Rc2 29.
Rd1 Bd6 30. Be5 Rf8 0-1

[Event "Late-Titled-Tuesday-Blitz-November-28-2023"]
[Site "Chess.com"]
[Date "2023.11.28"]
[Round "11"]
[White "giomar27"]
[Black "Kostukov_Alex"]
[Result "1/2-1/2"]
[WhiteElo "2411"]
[BlackElo "2362"]
[TimeControl "180+1"]
[EndTime "15:59:53 PST"]
[Termination "Game drawn by repetition"]

1. a3 g6 2. Nf3 Bg7 3. h4 Nf6 4. d4 d5 5. Nc3 O-O 6. Bf4 Nbd7 7. e3 c5 8. h5 cxd4 9. exd4 Nxh5 10. Rxh5 gxh5 11.
Bd3 Nf6 12. Ne5 Be6 13. Qf3 Ng4 14. Qg3 f6 15. Nxg4 hxg4 16. O-O-O h5 17. Rh1 Bf7 18. f3 e5 19. Bd2 Qd7 20. fxg4 Qxg4 21. Qxg4 hxg4 22.
Bh7+ Kh8 23. Bg6+ Kg8 24. Bh7+ Kh8 25. dxe5 fxe5 26. Bf5+ Kg8 27. Bh7+ Kh8 28. Bf5+ Kg8 29. Bh7+ Kh8 1/2-1/2

[Event "Late-Titled-Tuesday-Blitz-November-28-2023"]
[Site "Chess.com"]
[Date "2023.11.28"]
[Round "11"]
[White "Grischuk"]
[Black "vladgoncharov"]
[Result "1-0"]
[WhiteElo "3067"]
[BlackElo "2645"]
[TimeControl "180+1"]
[EndTime "15:59:56 PST"]
[Termination "Grischuk won by resignation"]

1. e4 e6 2. d4 d5 3. Nc3 Nc6 4. Nf3 Nf6 5. exd5 exd5 6. Bb5 Bd6 7. O-O O-O 8. Bg5 Be7 9. Bxc6 bxc6 10. Ne5 Bb7 11.
Na4 h6 12. Bh4 Re8 13. Re1 g5 14. Bg3 Ne4 15. Qh5 Rf8 16. Qxh6 Qd6 17. Ng4 Qxh6 18. Nxh6+ Kh8 19. f3 Nxg3 20. Rxe7 Kg7 21. hxg3 Kxh6 22. Nc5 Bc8 23. Rxc7 Bf5 24. Rxc6+ Kg7 25. c3 Rab8 26. b3 Rfe8 27. Kf2 Rb6 28. Rc7 Rc8 29. Rxa7 Rh6 30.
g4 Bg6 31. a4 Rhh8 32. a5 1-0

[Event "Late-Titled-Tuesday-Blitz-November-28-2023"]
[Site "Chess.com"]
[Date "2023.11.28"]
[Round "11"]
[White "DvaHrasta"]
[Black "NCchamp"]
[Result "1-0"]
[WhiteElo "2483"]
[BlackElo "2359"]
[TimeControl "180+1"]
[EndTime "15:59:58 PST"]
[Termination "DvaHrasta won by checkmate"]

1. c4 c6 2. e4 d5 3. exd5 cxd5 4. cxd5 Nf6 5. Qa4+ Bd7 6. Qb3 Qc7 7. Nc3 g6 8.
Bc4 Bg7 9. d6 Qxd6 10. Bxf7+ Kf8 11. Bc4 Nc6 12. Qd1 Ne5 13. Be2 Nd3+ 14. Bxd3 Qxd3 15. Qe2 Qd6 16. Nf3 Bc6 17. O-O Re8 18. d4 h6 19.
Ne5 Nd5 20. Ne4 Qe6 21. Nc5 Qf5 22. g4 Qc8 23. Nxg6+ Kg8 24. Qe6+ Kh7 25. Nxh8 Rxh8 26. Qxc8 Rxc8 27. Be3 Bxd4 28. Bxd4 Nf4 29. Rfe1 Nh3+ 30.
Kf1 Rf8 31. Rxe7+ Kg6 32. Rg7# 1-0

[Event "Late-Titled-Tuesday-Blitz-November-28-2023"]
[Site "Chess.com"]
[Date "2023.11.28"]
[Round "11"]
[White "Elbebiber"]
[Black "cthake"]
[Result "0-1"]
[WhiteElo "2123"]
[BlackElo "1942"]
[TimeControl "180+1"]
[EndTime "16:00:00 PST"]
[Termination "cthake won by resignation"]

1. d4 Nf6 2. Bg5 g6 3. Bxf6 exf6 4. e3 Bg7 5. g3 O-O 6. Bg2 f5 7. Ne2 d5 8. O-O c6 9. Nd2 Nd7 10. c4 Nf6 11. Qb3 Ne4 12. Rfd1 Qb6 13. c5 Qc7 14.
Nf4 Be6 15. Rac1 g5 16. Nh5 Bh8 17. f4 h6 18. g4 Nxd2 19. Rxd2 fxg4 20. fxg5 hxg5 21. Rf1 f5 22. Rdf2 Qh7 23. Ng3 f4 24. Qd3 Qxd3 0-1

[Event "Late-Titled-Tuesday-Blitz-November-28-2023"]
[Site "Chess.com"]
[Date "2023.11.28"]
[Round "11"]
[White "NotFischer"]
[Black "PapaieDudu"]
[Result "1-0"]
[WhiteElo "2358"]
[BlackElo "2399"]
[TimeControl "180+1"]
[EndTime "16:00:04 PST"]
[Termination "NotFischer won by checkmate"]

1. e4 c5 2. Nf3 d6 3. d4 cxd4 4. Nxd4 Nf6 5. Nc3 a6 6. Be2 e6 7.
g4 Be7 8. g5 Nfd7 9. h4 b5 10.
Rg1 Bb7 11. Bh5 g6 12. Bf3 Ne5 13. Bg2 Nbc6 14. f4 Nxd4 15. Qxd4 O-O 16. fxe5 Bxg5 17. Bxg5 Qa5 18. exd6 b4 19. Qf6 bxc3 20. Bh6 cxb2+ 21. Kf2 Qc5+ 22. Kg3 Qxd6+ 23. Kh3 bxa1=Q 24. Rxa1 Qe5 25. Qxe5 f6 26. Qxe6+ Rf7 27. Rd1 Rc8 28. Kh2 a5 29. Qxc8+ Rf8 30. Qxf8# 1-0

[Event "Late-Titled-Tuesday-Blitz-November-28-2023"]
[Site "Chess.com"]
[Date "2023.11.28"]
[Round "11"]
[White "rasmussvane"]
[Black "alexrustemov"]
[Result "0-1"]
[WhiteElo "2951"]
[BlackElo "2853"]
[TimeControl "180+1"]
[EndTime "16:00:16 PST"]
[Termination "alexrustemov won by checkmate"]

1. d4 d5 2. Nf3 Nf6 3. c4 c6 4. Nbd2 Bf5 5. Qb3 Qc7 6. Nh4 Be4 7. Nxe4 dxe4 8. g3 e6 9. Bg5 Nbd7 10. Bg2 h6 11. Bxf6 Nxf6 12. Bf1 Qa5+ 13. Kd1 O-O-O 14. e3 c5 15. d5 g5 16. Ng2 exd5 17. Kc2 d4 18.
Rd1 Ng4 19. Rd2 Bg7 20. h3 dxe3 21. Rxd8+ Rxd8 22. hxg4 Qd2+ 23. Kb1 Qxf2 24. Qc2 Rd1+ 25. Qxd1 Qxb2# 0-1

[Event "Late-Titled-Tuesday-Blitz-November-28-2023"]
[Site "Chess.com"]
[Date "2023.11.28"]
[Round "11"]
[White "Andrei_Skvortsov"]
[Black "vi_pranav"]
[Result "0-1"]
[WhiteElo "2780"]
[BlackElo "3051"]
[TimeControl "180+1"]
[EndTime "16:00:41 PST"]
[Termination "vi_pranav won by resignation"]

1. e4 e5 2. d4 exd4 3. Qxd4 Nc6 4. Qd3 g6 5. Nc3 Bg7 6. Nf3 d6 7. Bg5 Bf6 8. Bxf6 Nxf6 9. h3 O-O 10. O-O-O Re8 11. Re1 a6 12. Nd4 Bd7 13. g3 Ne5 14. Qd1 c5 15. Nb3 Bc6 16. f4 Ned7 17. Qxd6 Bxe4 18.
Rh2 Re6 19. Qd2 Qc7 20. Rhe2 Rd6 21. Qe3 Bd5 22. Qf2 Rd8 23. Rd2 c4 24. Nd4 Nc5 25. Nxd5 Rxd5 26. Bg2 R5d7 27. Qe3 Re8 28. Qg1 Rxe1+ 29.
Qxe1 c3 30. bxc3 Qa5 31. Nb3 Nxb3+ 32. cxb3 Qxc3+ 33. Kd1 Qa1+ 34. Ke2 Re7+ 0-1

[Event "Late-Titled-Tuesday-Blitz-November-28-2023"]
[Site "Chess.com"]
[Date "2023.11.28"]
[Round "11"]
[White "KorolDimitriy75"]
[Black "gabduschew"]
[Result "0-1"]
[WhiteElo "2297"]
[BlackElo "2435"]
[TimeControl "180+1"]
[EndTime "16:00:43 PST"]
[Termination "gabduschew won on time"]

1. d4 c6 2. c4 Qa5+ 3. Nc3 g5 4. Qd3 Bg7 5. h3 d6 6. Nf3 h6 7. Bd2 Nd7 8. e4 Qb6 9. b3 Nf8 10. Be2 g4 11. hxg4 Bxg4 12. Be3 Qa5 13. Rc1 h5 14. O-O h4 15. d5 Bxf3 16. Bxf3 Nd7 17. Bd2 h3 18. g3 h2+ 19. Kh1 Ngf6 20. Bg2 Ng4 21. f4 Qb6 22. Qe2 f5 23. exf5 Ndf6 0-1